 Dungeon Crawl Stone Soup version 0.24-a0-365-ga4d96b6e6e (webtiles) character file.

Game seed: 6095077367298947493

67 MrOobling the Vexing (level 3, 0/16 HPs)
             Began as a Spriggan Enchanter on May 27, 2019.
             Slain by a goblin
             ... wielding a +0 dagger
             ... led by Robin
              (5 damage)
             ... on level 2 of the Dungeon.
             The game lasted 00:26:09 (2184 turns).

MrOobling the Vexing (Spriggan Enchanter)           Turns: 2184, Time: 00:26:10

Health: 0/16       AC:  2    Str:  4    XL:     3   Next: 98%
Magic:  2/9        EV: 18    Int: 17    God:
Gold:   98         SH:  0    Dex: 16    Spells: 4/10 levels left

rFire    . . .     SeeInvis +   a - +1 dagger
rCold    . . .     Gourm    .   (shield restricted)
rNeg     . . .     Faith    .   b - +0 robe
rPois    .         Spirit   .   (helmet restricted)
rElec    .         Reflect  .   (no cloak)
rCorr    .         Harm     .   (gloves unavailable)
MR       .....                  (boots unavailable)
Stlth    +++.......             (no amulet)
HPRegen  0.05/turn              (no ring)
MPRegen  0.11/turn              (no ring)

@: very quick
A: very small, unfitting armour, see invisible, herbivore, speed 3, slow
metabolism 2
a: no special abilities


You were on level 2 of the Dungeon.
You were not hungry.

You visited 1 branch of the dungeon, and saw 3 of its levels.

You collected 98 gold pieces.

Inventory:

Hand Weapons
 a - a +1 dagger (weapon)
Missiles
 c - 70 stones (quivered)
 j - 26 poisoned darts
 l - 2 boomerangs
Armour
 b - a +0 robe (worn)
Jewellery
 n - a cursed ring of teleportation {unknown}
Scrolls
 g - a scroll of magic mapping {unknown}
 h - a scroll of fear {unknown}
 k - 2 scrolls of identify {unknown}
 o - a scroll of blinking {unknown}
Potions
 e - a potion of mutation {unknown}
 f - 2 potions of degeneration {unknown}
 i - a potion of invisibility {unknown}
 m - a potion of haste {unknown}
 p - a potion of lignification {unknown}
Comestibles
 d - 3 rations


   Skills:
 - Level 1.1 Short Blades
 - Level 3.0 Dodging
 - Level 4.4 Stealth
 + Level 4.2 Spellcasting
 + Level 4.9 Hexes


You had 4 spell levels left.
You knew the following spells:

 Your Spells              Type           Power        Failure   Level  Hunger
a - Corona                Hex            ###....      1%          1    None
b - Ensorcelled Hibernat  Hex/Ice        ##....       9%          2    ##.....
c - Confuse               Hex            ###.....     6%          3    ###....

Your spell library contained the following spells:

 Spells                   Type           Power        Failure   Level  Hunger
 Tukima's Dance           Hex            ###.....     6%          3    ###....
 Dazzling Spray           Conj/Hex       ##....       17%         3    ###....


Dungeon Overview and Level Annotations

Branches:
Dungeon (3/15)

Altars:
Makhleb
Uskayaw

Annotations:
D:2 Robin


Innate Abilities, Weirdness & Mutations

You are very small and have problems with some larger weapons.
You are too small for most types of armour.
You have supernaturally acute eyesight. (SInv)
You are a herbivore.
You cover ground extremely quickly.
You need to consume almost no food.


Message History

You hit the goblin.
The goblin is severely wounded.
The goblin misses you.
You closely miss the goblin.
The goblin is severely wounded.
The goblin closely misses you.
You hit the goblin.
You kill the goblin!
Robin roars a battlecry!
Things that are here:
a +0 club; a +0 dagger; a goblin corpse Robin's bangles clink loudly.
There is an open door here.
Robin roars a battlecry!
Robin throws the goblin at you!
You closely miss the goblin. The goblin closely misses you.
You hit the goblin.
The goblin is heavily wounded.
The goblin hits you with a +0 dagger.
You die...

#### .[. #####
#.######...######### ###
#.g.†g.g....@g.....# #..
#g.#####...##......# #.. ......
#...........########.. #......#
#...##......#..[......
#......#####.#....#+........##..
...g................+.....<......
#####..######.##.#.##........####
#..######.##.#..#........####
...........................


You could see Robin and 2 goblins.

Vanquished Creatures
  4 adders (D:2)
  2 worms
  A giant cockroach (D:1)
  8 goblins
  4 jackals
  A frilled lizard (D:2)
  4 kobolds
  A rat (D:2)
25 creatures vanquished.

Notes
Turn   | Place    | Note
-------+----------+-------------------------------------------
     0 | D:1      | MrOobling the Spriggan Enchanter began the quest for the
                  | Orb.
     0 | D:1      | Reached XP level 1. HP: 9/9 MP: 5/5
   879 | D:2      | Found a burning altar of Makhleb.
   880 | D:2      | Found a hide-covered altar of Uskayaw.
   955 | D:1      | Reached XP level 2. HP: 10/13 MP: 7/7
  1083 | D:1      | Learned a level 2 spell: Ensorcelled Hibernation
  1580 | D:2      | Reached XP level 3. HP: 16/16 MP: 6/9
  1992 | D:2      | Learned a level 3 spell: Confuse
  2145 | D:2      | Noticed Robin
  2184 | D:2      | Slain by a goblin

Levels and vault maps discovered:
D:1:      evilmike_arrival_run_for_it, layout_basic
D:2:      layout_basic, minitemple, minmay_misc_feat_four_crosses,
          minmay_pentomino_u4, uniq_robin
D:3:      layout_basic, kennysheep_slug_shrine, cheibrodos_sewer_entry_bend,
          first_ration, uniq_grinder, uniq_ijyb

Skill      XL: |  1  2  3 |
---------------+----------+-----
Spellcasting   | 3 4 |  4.2
Hexes          | 4 |  4.9
Short Blades   | |  1.1
Dodging        | |  3.0
Stealth        | |  4.4

Action                   || total
-------------------------++-------
Melee: Dagger            ||    85
 Cast: Ensorcelled Hiber ||    16
       Confuse           ||     1
 Stab: Sleeping          ||    12
       Distracted        ||     1
Armor: Robe              ||     9
Dodge: Dodged            ||    73

Table legend:
 A = Non-vault XP
 B = Vault XP
 C = Vault XP percentage of total XP
 D = Non-vault monster count
 E = Vault monster count
 F = Vault count percentage of total count
                 A         B        C        D         E       F
            +---------+---------+-------+---------+---------+-------
      Total |      68 |      28 |  29.2 |      18 |       7 |  28.0
            +---------+---------+-------+---------+---------+-------
        D:1 |      19 |       5 |  20.8 |      10 |       1 |   9.1
        D:2 |      49 |      23 |  31.9 |       8 |       6 |  42.9
            +---------+---------+-------+---------+---------+-------
